Unix NetHack Version 5.0.0-0 post-release - last build May 17 2026 04:57:42 (dc50c8380fa5e20985bfe3072449f57b8d9895ef,branch:main).

Game began 2026-05-20 13:31:31, ended 2026-05-20 14:23:42.

Drastanta, lawful male human Samurai

                                                -----
                                                |...----
                                                |.@).))|
                                                --q---.--
                                                 -[| |..---               ----
                                               --.)| --...|               |..|
                                           ..--|.%--  ---.| ---       ------.|
                                           ...|-.--     |)--..|       |...|..|
                                           --.|.%|      |.....---------......|
                                            |...--     ---.^.....%.%)........|
                                            --..|      |....)^..%..-----.....|
                                             |..-#     #...........|  |......|
                                             |...--    -#-........`| --.*....|
                                             --...--     ###.....--- |^...----
                                              |....|       --....|   --..--
                                            ---....|        |...--    |..|
                                            |....---        --^.|     --.|
                                            --.---           ----      ---
                                             ---
Drastanta the Ninja    St:16 Dx:18 Co:18 In:9 Wi:8 Ch:8  Lawful
Dlvl:9  $:446 HP:0(80) Pw:30(30) AC:-1 Xp:8 T:3983 

Latest messages:
 The kobold just misses!
 You kill the kobold!
 The human mummy misses!
 The human mummy hits!
 You hit the human mummy.
 The human mummy hits!
 The human mummy misses!
 You hit the human mummy.
 The human mummy misses!
 The human mummy hits!
 You hit the human mummy.
 The human mummy hits!
 The human mummy hits again!
 You hit the human mummy!
 The human mummy turns to flee.
 You stop.  Hachi is in the way!
 You see here a cream pie.
 You see here a mummy wrapping.
 You see here 4 daggers.
 You see here a dagger.
 You hear distant howling.
 You see here a curved wand.
 e - a curved wand.
 What do you want to write with? [- a-ewBM or ?*] -
 You write in the dust with your fingertip.
 What do you want to write in the dust here? x
 What do you want to write with? [- a-ewBM or ?*] ?
 The engraving on the floor vanishes!
 You write in the dust with a curved wand.
 What do you want to write in the dust here? Elbereth
 What do you want to call? [ehjltuBNOWYZ or ?*] ?
 Call a curved wand: TP, Invix, Canc
 What do you want to write with? [- a-ewBM or ?*] ?
 Do you want to add to the current engraving? [ynq] (y) y
 You add to the writing in the dust with a cursed forked wand.
 What do you want to add to the writing in the dust here? Elbereth
 The wand unsuccessfully fights your attempt to write!
 What do you want to call? [ehjltuBNOWYZ or ?*] ?
 Call a forked wand: Striking
 You see here 4 daggers.
 You see here 2 crossbow bolts.
 You already found a monster.  Use 'm' prefix to force another search.
 You already found a monster.  Use 'm' prefix to force another search.
 You miss the mumak.
 You hit the mumak!
 You hit the mumak.
 The mumak butts!
 You die...
 Do you want your possessions identified? [ynq] (y) y
 Do you want to see your attributes? [ynq] (y) q

Inventory:
 Coins    ('$')
  $ - 446 gold pieces
 Weapons  (')')
  d - 36 +0 ya (in quiver)
  c - a +0 yumi (alternate weapon; not wielded)
  w - a +1 dwarvish mattock
  a - a very rusty +1 katana (weapon in right hand)
  b - a +0 wakizashi
 Armor    ('[')
  m - an uncursed +0 dwarvish iron helm (being worn)
  S - an uncursed +1 pair of iron shoes (being worn)
  z - an uncursed burnt +0 dwarvish cloak (being worn)
  p - an uncursed +0 dwarvish mithril-coat (being worn)
 Comestibles  ('%')
  U - an uncursed cream pie
  k - 7 uncursed gunyoki
  R - an uncursed partly eaten gunyoki
  V - an uncursed tin of sauteed monkey meat
 Scrolls  ('?')
  g - an uncursed scroll of enchant weapon
  h - an uncursed scroll of light
  y - an uncursed scroll of teleportation
 Spellbooks  ('+')
  l - an uncursed spellbook of haste self
 Potions  ('!')
  Y - an uncursed potion of gain ability
  j - an uncursed potion of gain energy
  Z - an uncursed potion of monster detection
  u - an uncursed potion of object detection
 Wands    ('/')
  e - a wand of cancellation (0:3)
  M - a wand of speed monster (0:5)
  B - a cursed wand of striking (0:5)
 Tools    ('(')
  N - an empty uncursed sack
  q - an uncursed osaku
  O - a cursed skeleton key
  W - a cursed tallow candle
  t - an uncursed tin whistle
  T - a +0 unicorn horn

Drastanta the Samurai's attributes:

Background:
 You were a Ninja, a level 8 male human Samurai.
 You were lawful, on a mission for Amaterasu Omikami
 who was opposed by Raijin (neutral) and Susanowo (chaotic).
 You were right-handed.
 You were in the Gnomish Mines, on level 9.
 You entered the dungeon 3983 turns ago.
 You had 1326 experience points, 1234 more were needed to attain level 9.

Basics:
 You had 0 out of 80 hit points.
 You had all 30 energy points (spell power).
 Your armor class was -1.
 Your wallet contained 446 zorkmids.
 Autopickup was off.

Final Characteristics:
 Your strength was 16 (limit:18/100).
 Your dexterity was 18 (limit:18).
 Your constitution was 18 (limit:18).
 Your intelligence was 9 (limit:18).
 Your wisdom was 8 (limit:18).
 Your charisma was 8 (limit:18).

Final Status:
 You weren't hungry.
 You were unencumbered.
 You were wielding a long sword.
 You had basic skill with long sword and could have enhanced that.

Final Attributes:
 You were piously aligned.
 Your items were somewhat protected from fire.
 Your items were somewhat protected from cold.
 You were telepathic.
 You were guarded.
 You were fast.
 You are dead.

Miscellaneous:
 You encountered 1 bones level.
 Total elapsed playing time was 52 minutes and 10 seconds.

Major events:
 Turn
    1: Drastanta the lawful male human Samurai entered the dungeon
  457: entered the Gnomish Mines
  473: attained the rank of Ronin (level 3)
 1547: attained the rank of Ninja (level 6)
 1696: reached Mine Town
 3983: killed by a mumak

You didn't know any spells.

Skills:
 Fighting Skills
   martial arts      [Basic]
   two weapon combat [Unskilled]
   riding            [Unskilled]
 Weapon Skills
   dagger            [Unskilled]
   knife             [Unskilled]
   short sword       [Basic]
   broadsword        [Unskilled]
   long sword        [Basic]
   two-handed sword  [Unskilled]
   saber             [Unskilled]
   flail             [Unskilled]
   quarterstaff      [Unskilled]
   polearms          [Unskilled]
   spear             [Unskilled]
   lance             [Unskilled]
   bow               [Basic]
   shuriken          [Unskilled]
 Spellcasting Skills
   attack spells     [Unskilled]
   divination spells [Unskilled]
   clerical spells   [Unskilled]

Voluntary challenges:
 Character rerolling was not enabled.
 You never genocided any monsters.
 You never polymorphed an object.
 You never changed form.
 You used no wishes.
Achievements:
 You entered the Gnomish Mines.
 You attained the rank of Ronin.
 You attained the rank of Ninja.
 You entered Minetown.
 You entered a temple.
 You entered a shop.

 The Dungeons of Doom: levels 1 to 3
    Level 1:
       A fountain.
    Level 2:
       A fountain.
       Stairs down to The Gnomish Mines.
    Level 3:
       A grave.
 The Gnomish Mines: levels 3 to 9
    Level 3:
    Level 4:
    Level 5:
    Level 6:
       Many shops, a temple and an altar to Amaterasu Omikami, some fountains.
    Level 7:
       A grave.
       Final resting place for
          magnolian-Val-Hum-Fem-Law, killed by a gnome lord, while frozen by a potion.
    Level 8:
    Level 9: <- You were here.
       Final resting place for
          you, killed by a mumak.


Vanquished creatures:
  a ghost
 an ochre jelly
  a carnivorous ape
  2 giant beetles
  a leprechaun
 an iron piercer
  a giant spider
  a werewolf
  a black unicorn
  a gnome mummy
  a rope golem
 an imp
  3 yellow lights
  9 gnome leaders
  4 gnomish wizards
  a straw golem
  3 floating eyes
  8 dwarves
  7 rothes
  4 iguanas
  2 manes
  2 cave spiders
  a yellow mold
 55 gnomes
  3 geckos
  a jackal
  a fox
  2 kobolds
  8 grid bugs
  a bat
  4 lichens
  2 newts
134 creatures vanquished.

No species were genocided or became extinct.

Game over:
                       ----------
                      /          \
                     /    REST    \
                    /      IN      \
                   /     PEACE      \
                  /                  \
                  |    Drastanta     |
                  |      446 Au      |
                  |   killed by a    |
                  |      mumak       |
                  |                  |
                  |                  |
                  |       2026       |
                 *|     *  *  *      | *
        _________)/\\_//(\/(/\)/\//\/|_)_______

Sayonara Drastanta the Samurai...

You died in The Gnomish Mines on dungeon level 9 with 6116 points,
and 446 pieces of gold, after 3983 moves.
You were level 8 with a maximum of 80 hit points when you died.

